 Dungeon Crawl Stone Soup version 0.31-a0-240-gb923e448b6 (webtiles) character file.

Game seed: 1350889202284722722

158 qw the Shooter (level 5, -7/41 HPs)
             Began as a Minotaur Hexslinger on July 11, 2023.
             Mangled by an ogre
             ... wielding a +0 giant spiked club
              (28 damage)
             ... on level 4 of the Dungeon.
             The game lasted 00:00:52 (2044 turns).

qw the Shooter (Minotaur Hexslinger)                Turns: 2044, Time: 00:00:52

Health: -7/41      AC:  6    Str: 13    XL:     5   Next: 16%
Magic:  5/5        EV: 11    Int: 10    God:
Gold:   213        SH:  0    Dex: 14    Spells: 5/6 levels left

rFire   . . .        Y - +0 arbalest
rCold   . . .        (shield currently unavailable)
rNeg    . . .        d - +0 ring mail
rPois   .            (helmet restricted)
rElec   .            (no cloak)
rCorr   .            (no gloves)
SInv    .            g - +0 pair of boots
Will    .....        (no amulet)
Stlth   +            (no ring)
HPRegen 0.26/turn    (no ring)
MPRegen 0.09/turn

%: no passive effects
@: no status effects
A: horns 2, retaliatory headbutt
a: no special abilities


You were on level 4 of the Dungeon.
You visited 1 branch of the dungeon, and saw 4 of its levels.

You collected 213 gold pieces.


Innate Abilities, Weirdness & Mutations

You have a pair of horns on your head.
You reflexively headbutt those who attack you in melee.


   Skills:
 + Level 2.1 Fighting
 - Level 5.5 Ranged Weapons
 - Level 1.3 Armour
 - Level 2.1 Dodging
 - Level 1.0 Spellcasting
 - Level 2.0 Hexes


You had 5 spell levels left.
You knew the following spells:

 Your Spells              Type           Power      Damage    Failure   Level
a - Slow                  Hex            16%        N/A       32%         1

Your spell library contained the following spells:

 Spells                   Type           Power      Damage    Failure   Level
 Inner Flame              Hex/Fire       2%         N/A       82%         3
 Portal Projectile        Hex/Tloc       4%         N/A       82%         3
 Cause Fear               Hex            2%         N/A       97%         4

Inventory:

Hand Weapons
 Y - a +0 arbalest (weapon)
Armour
 d - a +0 ring mail (worn)
 g - a +0 pair of boots (worn)
Scrolls
 c - 2 scrolls of identify
 h - a scroll of amnesia {unknown}
Potions
 a - a potion of enlightenment
 b - a potion of heal wounds
 e - 4 potions of curing
 f - a potion of attraction {unknown}

Dungeon Overview and Level Annotations

Branches:
Dungeon (4/15)
 Temple: D:4-7

Altars:
Cheibriados
Kikubaaqudgha
Nemelex Xobeh
Xom
Zin


Message History

You kill the scorpion!
Your Ranged Weapons skill increases to level 5!
You have reached level 5!
h - a scroll labelled NAFAYTW WOSUOG
Enter note:
Enter note:
Enter note:
Enter note: A hobgoblin comes into view.
Enter note:
Enter note:
Enter note:
Enter note: You shoot a bolt.
The bolt barely misses the hobgoblin.
You shoot a bolt. The bolt hits the hobgoblin!
You kill the hobgoblin!
An ogre comes into view. It is wielding a +0 giant spiked club.
You shoot a bolt. The ogre shouts!
The bolt hits the ogre!
The ogre is heavily wounded.
A quokka comes into view.
You shoot a bolt. The bolt barely misses the ogre.
You shoot a bolt.
The bolt hits the ogre but does no damage.
The ogre is heavily wounded.
You shoot a bolt. The bolt barely misses the ogre.
The ogre hits you but does no damage.
You shoot a bolt. The bolt hits the ogre!
The ogre is almost dead.
The quokka completely misses you. The quokka closely misses you.
The ogre hits you with a +0 giant spiked club!!
Ouch! That really hurt!
You shoot a bolt. The bolt hits the ogre.
The ogre is almost dead.
The quokka bites you but does no damage.
The quokka closely misses you.
The ogre hits you with a +0 giant spiked club!!
Ouch! That really hurt!
You die...

#...........#########.....
##########....# #....####
#....# #....# + #....#
#..).# #
########....####..%.####
........................
......<.................
...................##'##
.......@...........#...#
......Or######.....#.8.#
........#..).+.....#...#
........#....#.....##+##
........#....#..........
........#....#....#..##.
./......#....'....#####.
...?....#....#....# #.
######....# #.


You could see an ogre and a quokka.

Vanquished Creatures
  A scorpion (D:4)
  2 adders (D:3)
  3 worms
  2 dart slugs
  An orc (D:3)
  3 ball pythons
  6 bats
  8 endoplasms
  8 giant cockroaches
  7 goblins
  5 hobgoblins
  A jackal (D:1)
  4 quokkas
  4 frilled lizards
  3 kobolds
  4 rats
62 creatures vanquished.

Vanquished Creatures (others)
  A giant cockroach (D:3)
1 creature vanquished.

Grand Total: 63 creatures vanquished

Notes
Turn   | Place    | Note
-------+----------+-------------------------------------------
     0 | D:1      | qw the Minotaur Hexslinger began the quest for the Orb.
     0 | D:1      | Reached XP level 1. HP: 16/16 MP: 1/1
     0 | D:1      | 0 ||| qw: Version: 0.3-a-52-g30416fa
     0 | D:1      | 0 ||| qw: Game counter: 6069
     0 | D:1      | 0 ||| qw: Melee chars always use a shield: true
     0 | D:1      | 0 ||| qw: God list: Okawaru
     0 | D:1      | 0 ||| qw: Allow faded altars: false
     0 | D:1      | 0 ||| qw: Do Orc after clearing Dungeon:15 true
     0 | D:1      | 0 ||| qw: Do second Lair branch before Depths: true
     0 | D:1      | 0 ||| qw: Lair rune preference: random
     0 | D:1      | 0 ||| qw: Goals: Normal
     0 | D:1      | 0 ||| PLANNING D:1-11
    71 | D:1      | Reached skill level 3 in Ranged Weapons
    97 | D:1      | Reached XP level 2. HP: 23/23 MP: 2/2
   207 | D:1      | 207 ||| SWAPPING to +0 arbalest.
   208 | D:1      | 208 ||| DROPPING +1 sling.
   378 | D:1      | Reached XP level 3. HP: 29/29 MP: 3/3
   652 | D:1      | 652 ||| UPGRADING to +0 leather armour.
   662 | D:1      | 662 ||| DROPPING +0 robe.
   663 | D:1      | 663 ||| UPGRADING to +0 pair of boots.
   668 | D:1      | 668 ||| READING scroll labelled TIUDODD YNIGOG.
   669 | D:1      | 669 ||| READING 2 scrolls labelled KISIEGH HOMOOK.
   670 | D:1      | 670 ||| READING scroll labelled HYDOD NUSOCAIX.
   671 | D:1      | 671 ||| READING scroll labelled POTHELI VICIUN.
   672 | D:1      | 672 ||| DRINKING 4 smoky ruby potions.
   673 | D:1      | 673 ||| DRINKING 2 pink potions.
   706 | D:1      | 706 ||| DROPPING scroll of poison.
   707 | D:1      | 707 ||| DROPPING scroll of revelation.
   708 | D:1      | 708 ||| DROPPING potion of lignification.
   732 | D:2      | Found an ancient bone altar of Kikubaaqudgha.
  1140 | D:2      | Reached skill level 4 in Ranged Weapons
  1303 | D:2      | 1303 ||| DRINKING 2 ruby potions.
  1309 | D:3      | Noticed an angel
  1309 | D:3      | Found a glowing silver altar of Zin.
  1309 | D:3      | Found a shimmering altar of Xom.
  1571 | D:3      | Found a sparkling altar of Nemelex Xobeh.
  1572 | D:3      | 1572 ||| UPGRADING to +0 ring mail.
  1579 | D:3      | 1579 ||| UPGRADING to +0 leather armour.
  1584 | D:3      | 1584 ||| UPGRADING to +0 ring mail.
  1594 | D:3      | 1594 ||| DROPPING +0 leather armour.
  1596 | D:3      | Found a snail-covered altar of Cheibriados.
  1726 | D:3      | Reached XP level 4. HP: 35/36 MP: 4/4
  1787 | D:3      | Reached skill level 1 in Armour
  1828 | D:3      | 1828 ||| READING scroll labelled XYAGRUPO LESY.
  1832 | D:3      | 1832 ||| DRINKING 2 glowing yellow potions.
  1998 | D:4      | Noticed a scorpion
  2003 | D:4      | Killed a scorpion
  2004 | D:4      | Reached skill level 5 in Ranged Weapons
  2004 | D:4      | Reached XP level 5. HP: 41/41 MP: 5/5
  2038 | D:4      | Noticed an ogre
  2044 | D:4      | Mangled by an ogre

Levels and vault maps discovered:
D:1:      amcnicky_arrival_wind_blow, layout_basic, serial_forest,
          infiniplex_forest_corner_1, infiniplex_forest_lined_2,
          infiniplex_forest_zigzag_2, infiniplex_forest_lined_3,
          infiniplex_forest_lined_1, infiniplex_forest_clump_double,
          infiniplex_forest_clump_cross, chequers_serial_rivers_small_b,
          st_stairs_11, chequers_serial_rivers_small_a, minmay_split_cup_large
D:2:      layout_basic, basic_altar, chequers_mini_garden
D:3:      layout_rooms, grunt_temple_overflow_order_and_chaos_1,
          jmf_multi_god_temple, kennysheep_generic_room_16
D:4:      layout_gridville, mainiacjoe_overflow_small_starburst,
          minmay_temple_entry_sparse_star, minmay_misc_feat_room

Skill      XL: |  1  2  3  4 |
---------------+-------------+-----
Ranged Weapons | 3 4 5 |  5.5
Fighting       | 2 |  2.1
Armour         | 1 |  1.3
Dodging        | |  2.1
Spellcasting   | |  1.0
Hexes          | |  2.0

Action                     |  1- 3 |  4- 6 || total
---------------------------+-------+-------++-------
   Fire: Sling             |    47 |       ||    47
         Arbalest          |    78 |    36 ||   114
    Use: Scroll            |     4 |     1 ||     5
         Potion            |     3 |     1 ||     4
 Armour: Robe              |     8 |       ||     8
         Leather armour    |     9 |       ||     9
         Ring mail         |       |     7 ||     7
  Dodge: Dodged            |    40 |    19 ||    59

Table legend:
 A = Non-vault XP
 B = Vault XP
 C = Vault XP percentage of total XP
 D = Non-vault monster count
 E = Vault monster count
 F = Vault count percentage of total count
                 A         B        C        D         E       F
            +---------+---------+-------+---------+---------+-------
      Total |     186 |      41 |  18.1 |      49 |      13 |  21.0
            +---------+---------+-------+---------+---------+-------
        D:1 |      32 |      17 |  34.7 |      17 |       8 |  32.0
        D:2 |      17 |       0 |   0.0 |       9 |       0 |   0.0
        D:3 |      41 |      24 |  36.9 |      17 |       5 |  22.7
        D:4 |      96 |       0 |   0.0 |       6 |       0 |   0.0
            +---------+---------+-------+---------+---------+-------
